[Event "Titled Tuesday Blitz December 27 Early 2022"]
[White "Bringas Gomez, Artai"]
[Black "Balakrishnan, Praveen"]
[WhiteFideId "24534064"]
[BlackFideId "2064871"]
[WhiteElo "2206"]
[BlackElo "2529"]
[Result "0-1"]
[Round "02"]
[TimeControl "180+2"]
[Date "2022.12.27"]
[WhiteClock "0:00:09"]
[BlackClock "0:00:22"]

1. e4 c6 2. Nf3 d5 3. d3 Qc7 4. Nc3 dxe4 5. dxe4 e5 6. a4 Nf6 7. Be2 Bb4 8. Nd2 O-O 9. O-O Nbd7 10. Nc4 Rd8 11. Bg5 Nc5 12. Qc1 Bxc3 13. Bxf6 gxf6 14. bxc3 Nxe4 15. Qe3 Bf5 16. f4 b5 17. fxe5 Bg6 18. axb5 cxb5 19. Nd6 Qxc3 20. Qxc3 Nxc3 21. Bf3 Rab8 22. Nb7 Rd2 23. exf6 Rxc2 24. Rxa7 b4 25. Rfa1 h5 26. Na5 b3 27. Nxb3 Rxb3 28. h4 Rb6 29. R1a6 Rxa6 30. Rxa6 Ne2+ 31. Kh2 Nd4 32. Bd5 Nf5 33. Ra8+ Kh7 34. Ra7 Nh6 35. Bb3 Rf2 36. Ra3 Rxf6 37. Ra4 Ng4+ 38. Kg3 Rd6 39. Bc4 Rd4 40. Bb5 Rd5 41. Bc6 Rc5 42. Bf3 Ne5 43. Ra7 Nxf3 44. gxf3 Kg7 45. Kf4 Rc4+ 46. Kg3 Bf5 47. Ra5 Kg6 48. Ra6+ Be6 49. Ra5 Rc3 50. Rg5+ Kh6 51. Re5 Rd3 52. Kf4 Bd5 53. Kg3 Rxf3+ 54. Kh2 Be6 55. Re4 Bg4 56. Kg2 Ra3 57. Rb4 Kg6 58. Kf2 Rh3 59. Kg1 Rxh4 60. Rb6+ f6 61. Rb5 Rh3 62. Rb4 Rg3+ 63. Kh2 Rf3 64. Kg2 Rf5 65. Kg3 Kg5 66. Ra4 h4+ 67. Kh2 Rb5 68. Ra2 f5 69. Rd2 Re5 70. Rc2 Re2+ 71. Rxe2 Bxe2 72. Kh3 f4 73. Kg2 Kg4 74. Kf2 f3 75. Kg1 Kg3 76. Kh1 h3 77. Kg1 f2+ 78. Kh1 Bf3# 0-1


[Site "https://www.chess.com"]

[Event "Titled Tuesday Blitz December 27 Early 2022"]
[White "Castillo Pena, Patricia Evarista"]
[Black "Devaev, Alexander"]
[WhiteFideId "6412106"]
[BlackFideId "4169395"]
[WhiteElo "1783"]
[BlackElo "2325"]
[Result "0-1"]
[Round "02"]
[TimeControl "180+2"]
[Date "2022.12.27"]
[WhiteClock "0:00:15"]
[BlackClock "0:01:07"]

1. d4 Nf6 2. Nf3 e6 3. e3 c5 4. Bd3 b6 5. b3 Bb7 6. Bb2 Be7 7. Nbd2 O-O 8. O-O a6 9. c4 d6 10. Qe2 Nbd7 11. Rfd1 Qc7 12. Rac1 Rfe8 13. Ng5 Rac8 14. Nde4 h6 15. Nxf6+ Nxf6 16. Nf3 Qb8 17. e4 cxd4 18. Nxd4 Qa8 19. f3 Nd7 20. b4 Ne5 21. Bb1 Bf8 22. Kh1 Rc7 23. a3 Ng6 24. Qe3 d5 25. cxd5 Rxc1 26. Qxc1 exd5 27. exd5 Bxd5 28. Bxg6 fxg6 29. Qf4 Kh7 30. h3 a5 31. Bc3 Qc8 32. Nb5 Bb3 0-1


[Site "https://www.chess.com"]

[Event "Titled Tuesday Blitz December 27 Early 2022"]
[White "Chernov, Mikhail"]
[Black "Cardoso Cardoso, Jose Gabriel"]
[WhiteFideId "24143170"]
[BlackFideId "4430492"]
[WhiteElo "2205"]
[BlackElo "2492"]
[Result "0-1"]
[Round "02"]
[TimeControl "180+2"]
[Date "2022.12.27"]
[WhiteClock "0:00:14"]
[BlackClock "0:01:47"]

1. e4 g6 2. d4 Bg7 3. Nc3 d6 4. Be3 a6 5. Qd2 b5 6. a4 b4 7. Nd1 Bb7 8. Bd3 Nf6 9. f3 a5 10. c3 bxc3 11. bxc3 Nbd7 12. Ne2 Ba6 13. O-O Nb6 14. Bxa6 Rxa6 15. Qd3 Ra8 16. Nb2 O-O 17. Nc4 Nfd7 18. Nxb6 Nxb6 19. Rfb1 Qd7 20. d5 Nxa4 21. Qc4 Nb6 22. Bxb6 cxb6 23. Rxb6 Qa7 24. Rb1 a4 25. Kf1 a3 26. Qb3 a2 27. Ra1 Rfc8 28. Nd4 Rxc3 29. Qxc3 Qxb6 0-1


[Site "https://www.chess.com"]

[Event "Titled Tuesday Blitz December 27 Early 2022"]
[White "Chigaev, Maksim"]
[Black "Janaszak, Dawid"]
[WhiteFideId "4108116"]
[BlackFideId "1119206"]
[WhiteElo "2628"]
[BlackElo "2316"]
[Result "1-0"]
[Round "02"]
[TimeControl "180+2"]
[Date "2022.12.27"]
[WhiteClock "0:00:12"]
[BlackClock "0:00:03"]

1. e4 c5 2. Nf3 Nc6 3. Bb5 g6 4. O-O Bg7 5. Re1 Nf6 6. c3 O-O 7. h3 e5 8. d4 cxd4 9. cxd4 exd4 10. Nxd4 Qb6 11. Nxc6 bxc6 12. Bd3 d5 13. Nc3 dxe4 14. Nxe4 Nd5 15. a3 a5 16. Qc2 Bf5 17. Rb1 Rad8 18. Bg5 Rb8 19. Nc5 Bxd3 20. Nxd3 h6 21. Bd2 Kh7 22. Ne5 Bxe5 23. Rxe5 Rfe8 24. Qe4 Nf6 25. Qf4 Rxe5 26. Qxe5 Nd5 27. Qe4 Qd8 28. Qc2 Qf6 29. Bxa5 Nf4 30. Bc7 Re8 31. Bxf4 Qxf4 32. Qxc6 Re2 33. Qb6 Qe4 34. Rf1 h5 35. b3 Qc2 36. a4 Re6 37. Qb7 Rf6 38. a5 Qb2 39. b4 Rf4 40. a6 Rxb4 41. Qxf7+ Kh6 42. Qf8+ Kh7 43. a7 Ra4 44. a8=Q 1-0


[Site "https://www.chess.com"]

[Event "Titled Tuesday Blitz December 27 Early 2022"]
[White "Chizhikov, Vladislav"]
[Black "Diaz, Fernando"]
[WhiteFideId "4178157"]
[BlackFideId "3701255"]
[WhiteElo "2279"]
[BlackElo "2121"]
[Result "0-1"]
[Round "02"]
[TimeControl "180+2"]
[Date "2022.12.27"]
[WhiteClock "0:01:09"]
[BlackClock "0:01:44"]

1. e4 e6 2. d4 d5 3. Nc3 Bb4 4. e5 c5 5. a3 Bxc3+ 6. bxc3 Ne7 7. Qg4 Qc7 8. Qxg7 Rg8 9. Qxh7 cxd4 10. Ne2 Nbc6 11. f4 dxc3 12. Qd3 Bd7 13. Rb1 a6 14. Nxc3 Na5 15. g3 Rc8 16. Bd2 Nc4 17. Bg2 Nf5 18. a4 Nxd2 19. Kxd2 d4 20. Ne4 Bxa4 21. Nf6+ Kf8 22. Rhc1 Rh8 23. Qa3+ Kg7 24. Qxa4 Qc3+ 25. Ke2 Rxh2 26. Rb3 Rxg2+ 27. Kf1 Ne3# 0-1


[Site "https://www.chess.com"]

[Event "Titled Tuesday Blitz December 27 Early 2022"]
[White "Ciuffoletti, Paolo"]
[Black "Levitskiy, Andrey"]
[WhiteFideId "807630"]
[BlackFideId "14132885"]
[WhiteElo "2106"]
[BlackElo "2304"]
[Result "0-1"]
[Round "02"]
[TimeControl "180+2"]
[Date "2022.12.27"]
[WhiteClock "0:00:05"]
[BlackClock "0:00:04"]

1. e4 e6 2. d4 d5 3. e5 c5 4. c3 Qb6 5. Nf3 Nc6 6. a3 Nh6 7. b4 cxd4 8. cxd4 Nf5 9. Be3 Nxe3 10. fxe3 f6 11. exf6 gxf6 12. Bd3 Bh6 13. Qe2 Bd7 14. Nc3 Ne7 15. e4 Rc8 16. Nd1 a5 17. b5 dxe4 18. Qxe4 Bxb5 19. O-O Bxd3 20. Qxd3 O-O 21. Nf2 Nd5 22. Qe4 Bg7 23. Rab1 Qa6 24. Rfe1 Nc3 25. Qxb7 Qxb7 26. Rxb7 Rfe8 27. Ne4 Nxe4 28. Rxe4 Rc3 29. Rb6 Kf7 30. a4 Rc4 31. Rb7+ Re7 32. Rxe7+ Kxe7 33. Rg4 Kf8 34. Rh4 Rxa4 35. Rxh7 Ra2 36. Rh5 a4 37. Ra5 a3 38. h4 f5 39. h5 Bh6 40. Ra7 Bf4 41. Ne5 Be3+ 42. Kh2 Bxd4 43. Ng6+ Kg8 44. h6 Bxa7 0-1


[Site "https://www.chess.com"]

[Event "Titled Tuesday Blitz December 27 Early 2022"]
[White "Clawitter, Craig"]
[Black "Liyanage, Ranindu Dilshan"]
[WhiteFideId "2023105"]
[BlackFideId "9915834"]
[WhiteElo "2050"]
[BlackElo "2342"]
[Result "0-1"]
[Round "02"]
[TimeControl "180+2"]
[Date "2022.12.27"]
[WhiteClock "0:00:04"]
[BlackClock "0:00:12"]

1. e4 e6 2. d4 d5 3. e5 c5 4. c3 Nc6 5. Nf3 Qb6 6. a3 Nh6 7. b4 cxd4 8. cxd4 Nf5 9. Be3 a5 10. b5 Na7 11. Nc3 Bd7 12. Na4 Qd8 13. Qb3 Rc8 14. Bd3 Nxe3 15. fxe3 Be7 16. O-O O-O 17. Rac1 Bg5 18. Nxg5 Qxg5 19. Kh1 Kh8 20. Nc5 Qxe3 21. Rce1 Qxd4 22. Nxd7 Rfd8 23. Rxf7 Rc3 24. Qd1 Rxd3 25. Qh5 Rg8 26. Nf8 h6 0-1


[Site "https://www.chess.com"]

[Event "Titled Tuesday Blitz December 27 Early 2022"]
[White "Cnejev, Vladimir-Alexandru"]
[Black "Kopacz, Grzegorz"]
[WhiteFideId "1260898"]
[BlackFideId "1109880"]
[WhiteElo "2374"]
[BlackElo "1997"]
[Result "1-0"]
[Round "02"]
[TimeControl "180+2"]
[Date "2022.12.27"]
[WhiteClock "0:00:08"]
[BlackClock "0:00:24"]

1. e4 c5 2. Nf3 g6 3. c3 Nc6 4. d4 cxd4 5. cxd4 d5 6. exd5 Qxd5 7. Nc3 Qd8 8. d5 Nb8 9. Bf4 Nf6 10. Bc4 Bg7 11. O-O O-O 12. Re1 Bg4 13. h3 Bf5 14. Nd4 Bd7 15. Qf3 a6 16. d6 exd6 17. Qxb7 Qc8 18. Qxa8 Qxc4 19. Bxd6 Rc8 20. Bxb8 Qxd4 21. Qa7 Qb4 22. Be5 Be6 23. Rad1 Ne8 24. Bxg7 Nxg7 25. Ne4 Qxb2 26. Qe7 Nh5 27. Rd8+ Rxd8 28. Qxd8+ Kg7 29. Rd1 Qxa2 30. Qd4+ Kh6 31. g4 f5 32. g5# 1-0


[Site "https://www.chess.com"]

[Event "Titled Tuesday Blitz December 27 Early 2022"]
[White "Costachi, Mihnea"]
[Black "Ayushh, Ravikumar"]
[WhiteFideId "1217518"]
[BlackFideId "35039482"]
[WhiteElo "2476"]
[BlackElo "2032"]
[Result "1-0"]
[Round "02"]
[TimeControl "180+2"]
[Date "2022.12.27"]
[WhiteClock "0:00:12"]
[BlackClock "0:00:00"]

1. Nc3 d5 2. d4 Nf6 3. Bf4 e6 4. e3 Bd6 5. Bg3 O-O 6. Nf3 c5 7. Ne5 b6 8. f4 Ba6 9. Bxa6 Nxa6 10. O-O Ne4 11. Nxe4 dxe4 12. c3 Qc7 13. Qe2 Nb8 14. f5 f6 15. Qc4 Re8 16. Ng4 Bxg3 17. fxe6 Bd6 18. d5 Be7 19. Qxe4 Qd6 20. Rf3 Na6 21. Raf1 Rf8 22. Rh3 g6 23. Nh6+ Kg7 24. Nf7 Rxf7 25. exf7 Nc7 26. c4 Rf8 27. Qh4 h5 28. Rg3 Kxf7 29. e4 Rg8 30. Re3 Qe5 31. Qf2 Ke8 32. g3 Rf8 33. Rf3 Kd7 34. Re1 Qd4 35. b3 Qxf2+ 36. Kxf2 Bd6 37. e5 fxe5 38. Rxf8 Bxf8 39. Rxe5 Be7 40. h3 Bf6 41. Re2 Ne8 42. Kf3 Ng7 43. g4 hxg4+ 44. hxg4 Be7 45. Rh2 Bf6 46. Rh8 Bd4 47. Ra8 a5 48. Ra7+ Kd6 49. Rb7 g5 50. Ke4 Ne8 51. Rxb6+ Kd7 52. Ra6 Nd6+ 53. Kf3 Nf7 54. Rxa5 Ne5+ 55. Ke4 Nxg4 56. Ra7+ Kd6 57. Ra6+ Kd7 58. Kf5 Ne3+ 59. Kxg5 Nd1 60. Kf5 Nc3 61. Ra7+ Kd6 62. Ra6+ Kd7 63. a3 Nb1 64. Ke4 Nd2+ 65. Kd3 Nxb3 66. Ra7+ Kd6 67. Ra6+ Kd7 68. Rb6 Na1 69. a4 Kc7 70. a5 Be5 71. Rb5 1-0


[Site "https://www.chess.com"]

[Event "Titled Tuesday Blitz December 27 Early 2022"]
[White "Cremisi, Daniel"]
[Black "Oparin, Grigoriy"]
[WhiteFideId "2089882"]
[BlackFideId "24125890"]
[WhiteElo "2170"]
[BlackElo "2667"]
[Result "0-1"]
[Round "02"]
[TimeControl "180+2"]
[Date "2022.12.27"]
[WhiteClock "0:00:11"]
[BlackClock "0:00:11"]

1. d4 f5 2. Nc3 Nf6 3. Bg5 d5 4. Bxf6 exf6 5. e3 Be6 6. Bd3 Nc6 7. a3 Qd7 8. Nge2 O-O-O 9. b4 Ne7 10. Qd2 Kb8 11. O-O Nc8 12. Rfb1 Nd6 13. a4 g5 14. b5 f4 15. exf4 gxf4 16. Nxf4 Bh6 17. Nce2 Rhg8 18. a5 Nc4 19. Qb4 Bg4 20. b6 cxb6 21. Bxc4 dxc4 22. axb6 a6 23. Qxc4 Qd6 24. Qc7+ Qxc7 25. bxc7+ Kxc7 26. h3 Bf5 27. d5 Rde8 28. Re1 Kb8 29. Nd4 Bxc2 30. Nh5 Rxe1+ 31. Rxe1 Bg6 32. Nxf6 Rd8 33. Ne6 Rd6 34. Rd1 Bc2 35. Re1 Bb3 36. Ng4 Bd2 37. Re2 Ba5 38. Nf4 Bb4 39. Ne3 a5 40. Rb2 a4 41. Nd3 Bc3 42. Rb1 Bxd5 43. Nxd5 Rxd5 44. Rc1 Rxd3 45. Kf1 Bb2 46. Rc4 a3 47. Ra4 b5 48. Ra5 Rd5 49. Ke2 Kb7 50. f4 Kb6 51. Ra8 b4 52. g4 Ra5 53. Rb8+ Kc5 54. Rc8+ Kb5 0-1


[Site "https://www.chess.com"]

[Event "Titled Tuesday Blitz December 27 Early 2022"]
[White "Cruz, William Ferreira Da"]
[Black "Abdilkhair, Abilmansur"]
[WhiteFideId "2118050"]
[BlackFideId "13716417"]
[WhiteElo "2216"]
[BlackElo "2268"]
[Result "0-1"]
[Round "02"]
[TimeControl "180+2"]
[Date "2022.12.27"]
[WhiteClock "0:00:03"]
[BlackClock "0:00:27"]

1. d4 d5 2. c4 Nc6 3. e3 e5 4. Nf3 Bg4 5. cxd5 Qxd5 6. Nc3 Bb4 7. Be2 exd4 8. Nxd4 Qxg2 9. Rf1 Bxe2 10. Qxe2 Nge7 11. Nf3 O-O-O 12. Bd2 Qg6 13. Rg1 Qc2 14. a3 Bxc3 15. Bxc3 Qxe2+ 16. Kxe2 Ng6 17. Bxg7 Rhe8 18. Bc3 Nf4+ 19. Kf1 Nd5 20. Rd1 Nxc3 21. Rxd8+ Rxd8 22. bxc3 Rd1+ 23. Ke2 Rxg1 24. Nxg1 Kd7 25. f4 Kd6 26. Kd3 Kc5 27. Nf3 f6 28. Nd4 Ne7 29. Ne6+ Kd6 30. Nf8 h5 31. Nh7 Ke6 32. e4 f5 33. e5 Nd5 34. Ng5+ Ke7 35. Nh3 c5 36. c4 Nc7 37. Ng5 a6 38. h4 b5 39. Kc3 Na8 40. Nh7 Nb6 41. Nf6 Nxc4 42. a4 Ne3 43. Nxh5 Ng2 44. Ng3 Nxh4 45. axb5 axb5 46. Nh5 Ng6 47. Ng3 Ke6 48. Ne2 Kd5 49. Kd3 b4 0-1


[Site "https://www.chess.com"]

[Event "Titled Tuesday Blitz December 27 Early 2022"]
[White "Csonka, Balazs"]
[Black "Zanette, Edgard Vinicius"]
[WhiteFideId "742910"]
[BlackFideId "2109263"]
[WhiteElo "2496"]
[BlackElo "2085"]
[Result "1-0"]
[Round "02"]
[TimeControl "180+2"]
[Date "2022.12.27"]
[WhiteClock "0:00:09"]
[BlackClock "0:00:02"]

1. e4 c5 2. Nf3 d6 3. d4 cxd4 4. Nxd4 Nf6 5. Nc3 a6 6. h3 Nc6 7. g4 e5 8. Nb3 h6 9. Be3 Be6 10. Qf3 b5 11. O-O-O Be7 12. Rg1 b4 13. Nd5 Bxd5 14. exd5 Na5 15. Kb1 Nxb3 16. cxb3 e4 17. Qh1 Qa5 18. h4 Rc8 19. Bc4 Kf8 20. Bd4 Nd7 21. Rde1 Nb6 22. Rxe4 Nxc4 23. bxc4 b3 24. axb3 Qb4 25. Rg3 Rc7 26. Qf3 a5 27. g5 hxg5 28. hxg5 Rh2 29. Rh3 Rxh3 30. Qxh3 Kg8 31. Rh4 f6 32. Qe6+ Kf8 33. Rh8# 1-0


[Site "https://www.chess.com"]

[Event "Titled Tuesday Blitz December 27 Early 2022"]
[White "De Souza, Cristiano Gomes"]
[Black "Feng, Eric"]
[WhiteFideId "2151758"]
[BlackFideId "30952590"]
[WhiteElo "2018"]
[BlackElo "1951"]
[Result "0-1"]
[Round "02"]
[TimeControl "180+2"]
[Date "2022.12.27"]
[WhiteClock "0:00:16"]
[BlackClock "0:00:20"]

1. d4 Nf6 2. c4 e6 3. Nf3 d5 4. Nc3 Be7 5. Bg5 O-O 6. e3 h6 7. Bh4 c6 8. Rc1 Nbd7 9. Be2 b6 10. O-O Bb7 11. Bg3 Rc8 12. Ne5 Ne4 13. Nxe4 dxe4 14. Nxd7 Qxd7 15. Qc2 f5 16. Be5 Bd6 17. Bxd6 Qxd6 18. c5 Qe7 19. cxb6 axb6 20. Qb3 b5 21. Rc5 f4 22. Bg4 Rf6 23. exf4 Rd8 24. Qe3 Rd5 25. Rfc1 Qd6 26. Rxd5 exd5 27. g3 Rf8 28. Rc5 Qf6 29. a3 Ra8 30. Bd1 Bc8 31. Qc3 Bd7 32. f3 exf3 33. Bxf3 Re8 34. Kf2 g5 35. fxg5 hxg5 36. Kg1 g4 37. Bg2 Qg5 38. Qc1 Qf6 39. Qd2 Bf5 40. Rc1 Qe6 41. Rf1 Bg6 42. Qg5 Kg7 43. Qf4 Qe3+ 44. Qxe3 Rxe3 45. Rc1 Be8 46. Rc3 Re2 47. b3 Rd2 48. Re3 Kf8 49. Re5 Rxd4 50. Rg5 Bd7 51. Re5 Rd3 52. a4 Rxb3 53. axb5 Rxb5 54. Re3 Rb2 55. Bf1 Bf5 56. Ra3 Rb1 57. Ra8+ Kf7 58. Kf2 Rb2+ 59. Ke3 Rb3+ 60. Kd4 Ke6 61. Re8+ Kd6 62. Rd8+ Bd7 63. Rg8 c5# 0-1


[Site "https://www.chess.com"]

[Event "Titled Tuesday Blitz December 27 Early 2022"]
[White "Deac, Bogdan-Daniel"]
[Black "Alex_Sahakyan2006"]
[WhiteFideId "1226380"]
[WhiteElo "2700"]
[BlackElo "2629"]
[Result "1-0"]
[Round "02"]
[TimeControl "180+2"]
[Date "2022.12.27"]
[WhiteClock "0:00:30"]
[BlackClock "0:00:01"]

1. b3 e5 2. Bb2 Nc6 3. Nf3 e4 4. Nd4 Nf6 5. e3 d5 6. c4 Nxd4 7. Bxd4 c6 8. Nc3 a6 9. cxd5 cxd5 10. Be2 Bd6 11. f4 Be7 12. O-O h5 13. d3 Bf5 14. dxe4 dxe4 15. a4 Qa5 16. Rc1 Rd8 17. Qc2 Bc5 18. Nb5 Bxd4 19. Nxd4 Bg4 20. Bc4 O-O 21. f5 b5 22. axb5 axb5 23. Nc6 Qb6 24. Bxf7+ Rxf7 25. Nxd8 Qxd8 26. h3 Qb6 27. Qf2 Bxh3 28. gxh3 Nd5 29. Rce1 Qf6 30. Qg3 Rf8 31. Rd1 Nb4 32. Rd6 Qb2 33. f6 1-0


[Site "https://www.chess.com"]

[Event "Titled Tuesday Blitz December 27 Early 2022"]
[White "Demin, Vladimir"]
[Black "Jobava, Baadur"]
[WhiteFideId "4167457"]
[BlackFideId "13601520"]
[WhiteElo "2430"]
[BlackElo "2578"]
[Result "0-1"]
[Round "02"]
[TimeControl "180+2"]
[Date "2022.12.27"]
[WhiteClock "0:00:33"]
[BlackClock "0:01:36"]

1. d4 d5 2. Nc3 c6 3. e4 dxe4 4. Nxe4 Bf5 5. Ng3 Bg6 6. h4 h6 7. Nf3 Nd7 8. h5 Bh7 9. Bd3 Bxd3 10. Qxd3 e6 11. Bf4 Ngf6 12. O-O-O Qb6 13. c4 Rd8 14. Qc2 Be7 15. Qb3 O-O 16. Qxb6 axb6 17. a3 b5 18. cxb5 cxb5 19. Kb1 Nd5 20. Be3 b4 21. axb4 Bxb4 22. Ne4 f5 23. Nc5 Nxc5 24. dxc5 Nxe3 25. fxe3 Bxc5 26. Rxd8 Rxd8 27. Re1 Kf7 28. e4 Kf6 29. exf5 exf5 30. Kc2 b6 31. Kc3 f4 32. b4 Be3 33. Ra1 Rd7 34. Ra8 Kf5 35. Rf8+ Ke4 36. Re8+ Kf5 37. Rf8+ Ke6 38. Re8+ Kf7 39. Rc8 Rd5 40. Rc7+ Kg8 41. Rc8+ Kh7 42. Re8 Rxh5 43. Kc4 b5+ 44. Kd3 Rd5+ 45. Ke4 Rd6 46. Re5 Rg6 47. Rxb5 Rxg2 48. Rb8 Rb2 49. b5 Kg6 50. Ne5+ Kh5 51. Kf5 g5 52. Ng4 Bd4 0-1


[Site "https://www.chess.com"]

[Event "Titled Tuesday Blitz December 27 Early 2022"]
[White "Domingo Nunez, Ruben"]
[Black "Dilmukhametov, Artur"]
[WhiteFideId "22245570"]
[BlackFideId "24179922"]
[WhiteElo "2416"]
[BlackElo "2276"]
[Result "1-0"]
[Round "02"]
[TimeControl "180+2"]
[Date "2022.12.27"]
[WhiteClock "0:02:43"]
[BlackClock "0:01:45"]

1. c4 Nf6 2. Nf3 g6 3. d4 Bg7 4. Nc3 d6 5. g3 O-O 6. Bg2 Nbd7 7. O-O e5 8. Qc2 Qe7 9. Rd1 Re8 10. b3 a5 11. dxe5 dxe5 12. Nb5 Nc5 13. Ba3 b6 14. Nxe5 Rb8 15. Nc6 Qxe2 16. Qxe2 Rxe2 17. Nxb8 Re6 18. Rd8+ Bf8 1-0


[Site "https://www.chess.com"]

[Event "Titled Tuesday Blitz December 27 Early 2022"]
[White "Eggleston, Thomas A"]
[Black "Goltsev, Dmitry"]
[WhiteFideId "412139"]
[BlackFideId "24176710"]
[WhiteElo "2215"]
[BlackElo "2269"]
[Result "0-1"]
[Round "02"]
[TimeControl "180+2"]
[Date "2022.12.27"]
[WhiteClock "0:00:10"]
[BlackClock "0:01:32"]

1. e4 e6 2. d4 d5 3. Nc3 Nf6 4. e5 Ne4 5. f4 Qh4+ 6. g3 Nxg3 7. Nf3 Qh5 8. hxg3 Qxh1 9. Be3 a6 10. a3 c5 11. dxc5 Nc6 12. Qe2 Qh5 13. O-O-O Bd7 14. Bg2 Rc8 15. Na4 Nxe5 16. Nb6 Nc4 17. Nxc8 Bxc8 18. Bd4 Be7 19. Rh1 Qg6 20. Bf2 Bf6 21. c3 Bd7 22. Nh4 Bxh4 23. Rxh4 Bb5 24. a4 Bxa4 25. Bxd5 Na5 26. f5 Qxf5 27. Rxa4 Qxd5 28. Rxa5 O-O 29. Ra4 Rc8 30. Rd4 Qf5 31. Qd3 Qg5+ 32. Qd2 Qf6 33. Rd7 Rb8 34. Rc7 h6 35. Bd4 Qf1+ 36. Kc2 Qf5+ 37. Kc1 Qf1+ 38. Kc2 a5 39. Rd7 a4 40. Be3 Qf3 41. Rd8+ Rxd8 42. Qxd8+ Kh7 43. Qd3+ f5 44. Bd2 Qg2 45. Qe3 Qd5 46. Qd3 Qb3+ 47. Kc1 a3 48. bxa3 Qxa3+ 49. Kd1 Qxc5 50. Be3 Qc7 51. Bd4 Qd7 52. Qe3 Qd5 53. Qe5 Qxe5 54. Bxe5 g5 55. Ke2 Kg6 56. Kd3 Kh5 57. Kc4 Kg4 58. Kb5 f4 59. gxf4 gxf4 60. Kb6 h5 61. Bd4 h4 62. Kxb7 h3 63. Bg1 f3 64. c4 f2 65. Bxf2 h2 66. c5 h1=Q+ 67. c6 Qd5 68. Kb6 Qb3+ 69. Kc7 e5 70. Kd7 Qd5+ 71. Kc7 Qf7+ 72. Kb6 Qxf2+ 73. Kb7 Qc2 74. c7 e4 75. c8=Q+ Qxc8+ 76. Kxc8 e3 0-1


[Site "https://www.chess.com"]

[Event "Titled Tuesday Blitz December 27 Early 2022"]
[White "Estrada Nieto, Julian"]
[Black "Sankalan Shah"]
[WhiteFideId "5101018"]
[BlackFideId "25600362"]
[WhiteElo "2215"]
[BlackElo "2179"]
[Result "0-1"]
[Round "02"]
[TimeControl "180+2"]
[Date "2022.12.27"]
[WhiteClock "0:00:20"]
[BlackClock "0:00:16"]

1. e4 c5 2. Nf3 d6 3. d4 cxd4 4. Qxd4 Nc6 5. Bb5 Bd7 6. Bxc6 Bxc6 7. Nc3 Nf6 8. Bg5 e6 9. O-O-O Be7 10. Rhe1 Qc7 11. Kb1 b5 12. e5 dxe5 13. Nxe5 O-O 14. Nxc6 Qxc6 15. Ne4 Rfd8 16. Nxf6+ Bxf6 17. Qe3 Bxg5 18. Qxg5 f6 19. Qe3 e5 20. f3 a5 21. a3 Rac8 22. Qe4 Rxd1+ 23. Rxd1 Qxe4 24. fxe4 Rc4 25. Re1 Kf7 26. c3 Ke6 27. Kc2 a4 28. Kd3 g6 29. g4 Rc8 30. Rf1 Rd8+ 31. Ke3 Rc8 32. Rf3 Rc4 33. Rh3 Rc7 34. Rf3 Rc4 35. h4 Rc7 36. Rh3 Rd7 37. h5 Rd1 38. hxg6 hxg6 39. Rh6 Kf7 40. Rh7+ Ke6 41. Rb7 Re1+ 42. Kd3 Rg1 43. Rb6+ Kf7 44. Rxb5 Rxg4 45. Rb4 Rg2 46. c4 g5 47. c5 Ke7 48. Rb7+ Kd8 49. c6 Rg1 50. Kc4 g4 51. Kd5 g3 52. Kd6 Rd1+ 53. Ke6 g2 54. Rg7 g1=Q 55. c7+ Kc8 56. Rxg1 Rxg1 57. Kxf6 Rc1 58. Kxe5 Kxc7 59. Kd4 Rb1 60. Kc3 Re1 61. Kd3 Kd6 62. Kd4 Rd1+ 63. Kc4 Ke5 64. Kb4 Rd4+ 65. Kc3 Kxe4 66. b4 axb3 67. Kxb3 Kd5 68. a4 Kc5 69. Kc3 Rxa4 70. Kd3 Rc4 71. Ke3 Kd5 72. Kd3 Rc5 73. Ke3 Rc3+ 74. Kd2 Kd4 75. Ke2 Rd3 76. Kf2 Re3 77. Kg2 Ke4 78. Kf2 Kf4 79. Kg2 Rf3 80. Kh2 Kg4 81. Kg2 Kf4 82. Kh2 Rg3 83. Kh1 Kf3 84. Kh2 Kf2 0-1


[Site "https://www.chess.com"]

[Event "Titled Tuesday Blitz December 27 Early 2022"]
[White "Fabris, Alberto"]
[Black "Bettalli, Francesco"]
[WhiteFideId "801348"]
[BlackFideId "2816453"]
[WhiteElo "2230"]
[BlackElo "2252"]
[Result "1-0"]
[Round "02"]
[TimeControl "180+2"]
[Date "2022.12.27"]
[WhiteClock "0:00:26"]
[BlackClock "0:00:47"]

1. d4 g6 2. e4 Bg7 3. Nf3 c6 4. h3 d6 5. c4 Nf6 6. Nc3 O-O 7. Be2 Nbd7 8. Be3 e5 9. O-O Qc7 10. Qc2 b6 11. Rfd1 Bb7 12. b4 Rad8 13. a4 a5 14. bxa5 bxa5 15. Rab1 Rb8 16. d5 Nc5 17. Bxc5 dxc5 18. d6 Qd8 19. Nxe5 Re8 20. Ng4 Nh5 21. Bf3 Nf4 22. Ne2 Ne6 23. g3 Nd4 24. Nxd4 Bxd4 25. e5 Kg7 26. Qe4 h5 27. Rxd4 cxd4 28. Nf6 Re6 29. Qxd4 c5 30. Qf4 Bxf3 31. Rxb8 Qxb8 32. Qxf3 Rxe5 33. d7 Qd8 34. Nd5 Re1+ 35. Kg2 Qxd7 36. Qc3+ Re5 37. Qxe5+ Kh6 38. Qf4+ Kg7 39. Qf6+ Kh6 40. h4 Qxa4 41. Qh8# 1-0


[Site "https://www.chess.com"]

[Event "Titled Tuesday Blitz December 27 Early 2022"]
[White "Fernandez Siles, Luis"]
[Black "Injac, Teodora"]
[WhiteFideId "2209420"]
[BlackFideId "932400"]
[WhiteElo "2218"]
[BlackElo "2391"]
[Result "0-1"]
[Round "02"]
[TimeControl "180+2"]
[Date "2022.12.27"]
[WhiteClock "0:00:09"]
[BlackClock "0:00:49"]

1. d4 Nf6 2. c4 g6 3. Nc3 Bg7 4. e4 d6 5. Nf3 O-O 6. Be2 Na6 7. Bf4 Bg4 8. e5 Nd7 9. h3 dxe5 10. dxe5 Bxf3 11. Bxf3 c6 12. Qe2 Qa5 13. O-O Nxe5 14. Rfe1 Nxf3+ 15. Qxf3 Rfe8 16. Rad1 Nc5 17. a3 Ne6 18. Bd2 Qf5 19. Qe2 Rad8 20. g4 Qc5 21. Be3 Qa5 22. f4 Bxc3 23. bxc3 Qxc3 24. f5 Nd4 25. Qf2 Nc2 26. Rxd8 Rxd8 27. Rc1 Qxe3 0-1


[Site "https://www.chess.com"]

[Event "Titled Tuesday Blitz December 27 Early 2022"]
[White "Ferreira, Vitor Hugo Vieira"]
[Black "Orzech, Dominik"]
[WhiteFideId "2119765"]
[BlackFideId "1115065"]
[WhiteElo "2128"]
[BlackElo "2308"]
[Result "1-0"]
[Round "02"]
[TimeControl "180+2"]
[Date "2022.12.27"]
[WhiteClock "0:02:24"]
[BlackClock "0:00:41"]

1. e4 c5 2. Nf3 d6 3. d4 cxd4 4. Nxd4 Nf6 5. Nc3 a6 6. h3 e5 7. Nb3 h5 8. Be3 Be7 9. Qf3 Be6 10. O-O-O Nbd7 11. Kb1 b5 12. Rg1 Qc7 13. g4 hxg4 14. hxg4 Rc8 15. Bd3 b4 16. Nd5 Bxd5 17. exd5 a5 18. g5 e4 19. Bxe4 Ne5 20. Qg2 Nxe4 21. Qxe4 a4 22. Nd2 a3 23. f4 Rh4 24. Rh1 Rxh1 25. Rxh1 Ng4 26. Rh8+ Kd7 27. Qf5# 1-0


[Site "https://www.chess.com"]

[Event "Titled Tuesday Blitz December 27 Early 2022"]
[White "Flis, Pawel"]
[Black "Garcia Almaguer, Juan Manuel"]
[WhiteFideId "1112864"]
[BlackFideId "5110491"]
[WhiteElo "1879"]
[BlackElo "2090"]
[Result "0-1"]
[Round "02"]
[TimeControl "180+2"]
[Date "2022.12.27"]
[WhiteClock "0:00:04"]
[BlackClock "0:01:38"]

1. e4 e5 2. d4 exd4 3. Nf3 Nc6 4. Bc4 Nf6 5. e5 d5 6. Bb5 Ne4 7. Nxd4 Bd7 8. Bxc6 bxc6 9. O-O Bc5 10. f3 Ng5 11. f4 Ne6 12. c3 f5 13. Be3 Bxd4 14. cxd4 Rb8 15. Qc2 O-O 16. Nc3 c5 17. Nxd5 Bb5 18. Nc3 Bxf1 19. Rxf1 cxd4 20. Rd1 c5 21. Ne2 Qb6 22. Bc1 Qb5 23. b3 g6 24. Kh1 Rfd8 25. Rd3 Rbc8 26. h3 c4 27. bxc4 Rxc4 28. Qd1 Qa4 29. Qf1 Nc5 30. Rd1 Ne4 0-1


[Site "https://www.chess.com"]